Diables vs Little Stars
(R1)
Created - 12 décembre 2016 at 21:42
Goals
|
| Diables |
1 |
2 |
1 |
4 |
| Little Stars |
0 |
1 |
4 |
5 |
|
Shots
|
| Diables |
6 |
10 |
17 |
33 |
| Little Stars |
8 |
13 |
9 |
30 |
|
1st period
1. Diables , Steve Quailer 18 (Tyler Bozak, Eddie Lack) at 19:20
Penalties :
Marcus Johansson (Tex) for Interference (Minor) at 6:08, Benn Ferriero (Alm) for Interference (Minor) at 9:55, Boone Jenner (Alm) for Roughing (Minor) at 15:11
2nd period
2. Diables , Tyler Cuma 7 (Steve Quailer) at 2:48
3. Little Stars , Sean Avery 15 (Hugh Jessiman, Jared Spurgeon) at 8:05
4. Diables , Kellan Lain 16 (Tyler Bozak, Steve Quailer) at 10:51
Penalties :
Dana Tyrell (Tex) for Slashing (Double Minor) at 12:04, Tomas Kubalik (Alm) for Kneeing (Minor) at 17:08
3rd period
5. Diables , Tyler Bozak 12 (Kellan Lain, Tyler Cuma) at 10:49
6. Little Stars , Raphael Diaz 4 (Alex Chiasson, Sean Avery) at 12:48
7. Little Stars , Marcus Johansson 14 (Dana Tyrell) at 14:23
8. Little Stars , Alex Chiasson 4 (Raphael Diaz, Marcus Johansson) at 14:35
9. Little Stars , Marcus Johansson 15 (Raphael Diaz) at 14:47
Penalties :
Raphael Diaz (Tex) for Interference (Minor) at 0:18, Sean Avery (Tex) for Hooking (Minor) at 10:34, Lukas Krajicek (Alm) for Hooking (Minor) at 10:38, Lukas Krajicek (Alm) for Hooking (Minor) at 14:50
Goalie Stats
Eddie Lack (Alm), 25 saves from 30 shots - (0,833), L, 4-4-3, 59:00 minutes
Ben Scrivens (Tex), 29 saves from 33 shots - (0,879), W, 7-1-1, 60:00 minutes
Players Stats for Diables
Player Name G A P +/- PIM S H SB GA TA FO MP PP MP PK MP
------------------------------------------------------------------------------------
Alexandre Burrows 0 0 0 -2 0 5 3 1 1 0 0/0 15:21 1:02 1:41
Ben Hanowski 0 0 0 1 0 0 2 0 1 1 0/0 13:37 1:14 0:00
Benn Ferriero 0 0 0 0 2 0 0 0 0 0 0/0 0:52 0:00 0:00
Boone Jenner 0 0 0 0 2 1 1 0 0 0 2/4 10:19 3:11 0:22
Brandon Prust 0 0 0 0 0 2 2 1 1 0 0/1 11:34 0:22 2:26
Brian Dumoulin 0 0 0 2 0 0 0 2 0 0 0/0 11:09 0:45 0:00
Craig Smith 0 0 0 -3 0 3 2 1 0 1 3/5 15:09 3:12 2:04
Dustin Kohn 0 0 0 -2 0 0 1 0 0 0 0/0 20:21 3:16 3:26
Josh Manson 0 0 0 -1 0 0 0 0 0 0 0/0 4:50 0:45 0:36
Kellan Lain 1 1 2 3 0 4 2 2 1 0 1/2 20:52 3:35 3:17
Kyle Cumiskey 0 0 0 -2 0 2 1 2 0 1 0/0 19:37 3:16 3:16
Lukas Krajicek 0 0 0 -1 4 1 0 2 1 1 0/0 24:47 3:59 3:05
Pavel Valentenko 0 0 0 1 0 0 0 0 0 0 0/0 11:00 0:00 1:16
Riley Sheahan 0 0 0 -1 0 2 2 2 0 0 3/9 13:58 1:05 0:00
Steve Quailer 1 2 3 -1 0 3 2 0 0 0 1/1 21:23 3:12 1:48
Taylor Beck 0 0 0 1 0 1 1 0 0 0 0/0 5:41 0:00 0:08
Tomas Kubalik 0 0 0 -1 2 1 0 0 0 0 0/1 16:10 3:35 0:00
Tyler Bozak 1 2 3 0 0 5 3 2 1 1 19/38 24:34 3:35 4:14
Tyler Cuma 1 1 2 0 0 3 0 0 0 0 0/0 28:46 4:00 4:21
Players Stats for Little Stars
Player Name G A P +/- PIM S H SB GA TA FO MP PP MP PK MP
------------------------------------------------------------------------------------
Alex Chiasson 1 1 2 2 0 3 2 0 0 2 1/3 23:59 4:23 3:35
Alexander Vasyunov 0 0 0 0 0 0 0 0 0 0 1/2 1:35 0:04 0:00
Andrej Nestrasil 0 0 0 -1 0 0 1 0 0 0 4/5 10:05 0:00 0:09
Brian Flynn 0 0 0 1 0 1 2 1 0 0 4/6 13:25 3:37 0:00
Conor Allen 0 0 0 -1 0 0 0 0 0 0 0/0 6:10 0:00 1:05
Dana Tyrell 0 1 1 2 4 1 3 1 2 1 17/35 18:57 4:19 0:00
Danny DeKeiser 0 0 0 -1 0 1 1 0 0 0 0/0 19:29 3:44 2:58
Hugh Jessiman 0 1 1 1 0 1 2 0 0 2 1/1 15:56 3:37 2:16
Jared Spurgeon 0 1 1 -1 0 2 2 0 0 0 0/0 19:04 3:44 2:53
Jesse Joensuu 0 0 0 -1 0 0 0 1 0 0 0/0 9:56 0:00 0:00
Jonathan Huberdeau 0 0 0 0 0 0 0 0 0 0 0/0 1:43 0:00 0:45
Justin Faulk 0 0 0 1 0 3 0 1 0 0 0/0 8:00 0:00 0:00
Marcus Johansson 2 1 3 2 2 6 1 1 0 0 0/0 20:11 3:37 2:18
Michael Mersch 0 0 0 0 0 0 0 0 0 0 0/1 3:08 0:00 2:12
Niklas Hjalmarsson 0 0 0 2 0 2 3 0 0 1 0/0 26:50 4:16 4:27
Oscar Lindberg 0 0 0 0 0 0 0 0 0 0 0/0 0:00 0:00 0:00
Petter Granberg 0 0 0 1 0 3 0 0 0 0 0/0 9:49 0:00 1:29
Raphael Diaz 1 2 3 2 2 2 0 0 1 0 0/0 25:46 4:16 3:10
Robert Klinkhammer 0 0 0 -1 0 1 0 0 1 0 0/0 6:54 0:00 0:00
Scott Harrington 0 0 0 -1 0 0 1 0 0 0 0/0 5:05 0:00 0:00
Sean Avery 1 1 2 2 2 3 3 2 1 0 4/5 18:58 4:23 3:31
T.J. Tynan 0 0 0 -1 0 0 0 0 0 0 0/2 8:10 0:00 1:16
Tom Kuhnhackl 0 0 0 -1 0 0 0 0 0 0 0/0 6:54 0:00 0:00
Ty Rattie 0 0 0 0 0 0 0 0 0 0 0/0 0:00 0:00 0:00
Tyler Randell 0 0 0 -1 0 1 0 0 0 0 0/1 9:56 0:00 0:00
3 Stars
1 - Marcus Johansson (Tex)
2 - Kellan Lain (Alm)
3 - Tyler Bozak (Alm)
Power Play
Diables - 0 on 5 Attempt(s) - 0,00%
Little Stars - 0 on 5 Attempt(s) - 0,00%
Penalty Kill
Diables - 5 on 5 Attempt(s) - 100,00%
- Score 0 goal in Penalty Kill
Little Stars - 5 on 5 Attempt(s) - 100,00%
- Score 0 goal in Penalty Kill
Team Stat
Diables - Hits : 22 - Faceoff Wins : 29 - Blocked Shots : 15 - Penalty Minutes : 10
Little Stars - Hits : 21 - Faceoff Wins : 32 - Blocked Shots : 7 - Penalty Minutes : 10
Official
Referees : Ciamaga Chris and Dwyer Gord
Linesman : Brad Kovachik and Vaughan Rody
Game Notes
Kellan Lain is injured at 13:03 of 3rd period (Bruised Right Shoulder)
Finance
Level 1 -- Attendance: 1381 (69,05%) -- Ticket Income 41 430 $
Level 2 -- Attendance: 691 (69,10%) -- Ticket Income 13 820 $
Total Attendance: 2072 (69,07%)
Total Ticket Income: 55 250 $
Other Income: 2 762 $
Total Income: 58 012 $
Diables
5 vs 5 Forward
Center Left Wing Right Wing Time % Phy DF OF
1 Tyler Bozak Kellan Lain Steve Quailer 40 1 2 2
2 Riley Sheahan Alexandre Burrows Tomas Kubalik 30 1 2 2
3 Craig Smith Brandon Prust Ben Hanowski 20 1 2 2
4 Boone Jenner Taylor Beck Ben Hanowski 10 1 2 2
5 vs 5 Defense
Defense Defense Time % Phy DF OF
1 Tyler Cuma Lukas Krajicek 40 1 2 2
2 Dustin Kohn Kyle Cumiskey 30 1 2 2
3 Brian Dumoulin Pavel Valentenko 20 1 2 2
4 Josh Manson Tyler Cuma 10 1 2 2
PowerPlay Forward
Center Left Wing Right Wing Time % Phy DF OF
1 Tyler Bozak Kellan Lain Tomas Kubalik 60 1 2 2
2 Craig Smith Boone Jenner Steve Quailer 40 1 2 2
PowerPlay Defense
Defense Defense Time % Phy DF OF
1 Tyler Cuma Lukas Krajicek 60 1 2 2
2 Dustin Kohn Kyle Cumiskey 40 1 2 2
Penalty Kill 4 Players Forward
Center Wing Time % Phy DF OF
1 Tyler Bozak Kellan Lain 60 1 2 2
2 Brandon Prust Steve Quailer 40 1 2 2
Penalty Kill 4 Players Defense
Defense Defense Time % Phy DF OF
1 Tyler Cuma Lukas Krajicek 60 1 2 2
2 Dustin Kohn Kyle Cumiskey 40 1 2 2
Penalty Kill - 3 Players Forward
Forward Time % Phy DF OF
1 Benn Ferriero 60 1 2 2
2 Kellan Lain 40 1 2 2
Penalty Kill - 3 Players Defense
Defense Defense Time % Phy DF OF
1 Tyler Cuma Lukas Krajicek 60 1 2 2
2 Dustin Kohn Pavel Valentenko 40 1 2 2
4 vs 4 Forward
Center Wing Time % Phy DF OF
1 Tyler Bozak Kellan Lain 60 1 2 2
2 Boone Jenner Brandon Prust 40 1 2 2
4 vs 4 Defense
Defense Defense Time % Phy DF OF
1 Tyler Cuma Lukas Krajicek 60 1 2 2
2 Dustin Kohn Kyle Cumiskey 40 1 2 2
Last Minutes Offensive
Center Left Wing Right Wing Defense Defense
Tyler Bozak Kellan Lain Steve Quailer Tyler Cuma Lukas Krajicek
Last Minutes Defensive
Center Left Wing Right Wing Defense Defense
Tyler Bozak Kellan Lain Steve Quailer Tyler Cuma Lukas Krajicek
Goaltenders
Starting : Eddie Lack
Backup : Jean-Francois Berube
Extra Forwards
Normal : Craig Smith, Tomas Kubalik, Boone Jenner - PP : Craig Smith, Tomas Kubalik - PK : Craig Smith
Extra Defensemen
Normal : Brian Dumoulin, Josh Manson, Pavel Valentenko - PP : Brian Dumoulin - PK : Pavel Valentenko, Josh Manson
Penalty Shots
Tyler Bozak, Kellan Lain, Brandon Prust, Steve Quailer, Riley Sheahan
Little Stars
5 vs 5 Forward
Center Left Wing Right Wing Time % Phy DF OF
1 Dana Tyrell Marcus Johansson Alex Chiasson 40 1 2 2
2 Brian Flynn Sean Avery Hugh Jessiman 30 1 2 2
3 Andrej Nestrasil Jesse Joensuu Tyler Randell 20 1 2 2
4 T.J. Tynan Robert Klinkhammer Tom Kuhnhackl 10 1 2 2
5 vs 5 Defense
Defense Defense Time % Phy DF OF
1 Raphael Diaz Niklas Hjalmarsson 40 1 2 2
2 Jared Spurgeon Danny DeKeiser 30 1 2 2
3 Justin Faulk Petter Granberg 20 1 2 2
4 Conor Allen Scott Harrington 10 1 2 2
PowerPlay Forward
Center Left Wing Right Wing Time % Phy DF OF
1 Dana Tyrell Sean Avery Alex Chiasson 60 1 2 2
2 Brian Flynn Marcus Johansson Hugh Jessiman 40 1 2 2
PowerPlay Defense
Defense Defense Time % Phy DF OF
1 Raphael Diaz Niklas Hjalmarsson 60 1 2 2
2 Jared Spurgeon Danny DeKeiser 40 1 2 2
Penalty Kill 4 Players Forward
Center Wing Time % Phy DF OF
1 Sean Avery Alex Chiasson 60 1 2 2
2 Marcus Johansson Hugh Jessiman 40 1 2 2
Penalty Kill 4 Players Defense
Defense Defense Time % Phy DF OF
1 Raphael Diaz Niklas Hjalmarsson 60 1 2 2
2 Jared Spurgeon Danny DeKeiser 40 1 2 2
Penalty Kill - 3 Players Forward
Forward Time % Phy DF OF
1 Sean Avery 60 1 2 2
2 Alex Chiasson 40 1 2 2
Penalty Kill - 3 Players Defense
Defense Defense Time % Phy DF OF
1 Raphael Diaz Niklas Hjalmarsson 60 1 2 2
2 Jared Spurgeon Danny DeKeiser 40 1 2 2
4 vs 4 Forward
Center Wing Time % Phy DF OF
1 Sean Avery Alex Chiasson 60 1 2 2
2 Marcus Johansson Hugh Jessiman 40 1 2 2
4 vs 4 Defense
Defense Defense Time % Phy DF OF
1 Raphael Diaz Niklas Hjalmarsson 60 1 2 2
2 Jared Spurgeon Danny DeKeiser 40 1 2 2
Last Minutes Offensive
Center Left Wing Right Wing Defense Defense
Dana Tyrell Sean Avery Alex Chiasson Raphael Diaz Niklas Hjalmarsson
Last Minutes Defensive
Center Left Wing Right Wing Defense Defense
Dana Tyrell Sean Avery Alex Chiasson Raphael Diaz Niklas Hjalmarsson
Goaltenders
Starting : Ben Scrivens
Backup : Laurent Brossoit
Extra Forwards
Normal : Alexander Vasyunov, Jonathan Huberdeau, Michael Mersch - PP : Alexander Vasyunov, Jonathan Huberdeau - PK : Michael Mersch
Extra Defensemen
Normal : Justin Faulk, Petter Granberg, Conor Allen - PP : Justin Faulk - PK : Petter Granberg, Conor Allen
Penalty Shots
Sean Avery, Alex Chiasson, Marcus Johansson, Hugh Jessiman, Dana Tyrell
% Time on Ice - Diables
Lines # - Real PCT - Wanted PCT - Time Play
Normal Forward
1 - 38% - 40% - 15:41
2 - 31% - 30% - 12:50
3 - 18% - 20% - 7:11
4 - 13% - 10% - 5:11
Normal Defense
1 - 42% - 40% - 17:06
2 - 30% - 30% - 12:17
3 - 23% - 20% - 9:23
4 - 5% - 10% - 2:07
PP Forward
1 - 59% - 60% - 4:46
2 - 41% - 40% - 3:15
PP Defense
1 - 59% - 60% - 4:45
2 - 41% - 40% - 3:16
PK Forward
1 - 78% - 60% - 6:12
2 - 23% - 40% - 1:48
PK Defense
1 - 59% - 60% - 4:44
2 - 41% - 40% - 3:16
PK3 Forward
1 - 0% - 60%
2 - 0% - 40%
PK3 Defense
1 - 0% - 60%
2 - 0% - 40%
44 Forward
1 - 83% - 60% - 1:36
2 - 17% - 40% - 0:19
44 Defense
1 - 58% - 60% - 1:07
2 - 42% - 40% - 0:48
Last Minute Offensive - 1:11
Last Minute Defensive - 0:00
Total
Forward - 60:00
Defense - 60:00
|
% Time on Ice - Little Stars
Lines # - Real PCT - Wanted PCT - Time Play
Normal Forward
1 - 33% - 40% - 13:41
2 - 25% - 30% - 10:23
3 - 24% - 20% - 9:56
4 - 17% - 10% - 6:54
Normal Defense
1 - 41% - 40% - 16:35
2 - 29% - 30% - 11:58
3 - 20% - 20% - 8:00
4 - 11% - 10% - 4:21
PP Forward
1 - 55% - 60% - 4:23
2 - 45% - 40% - 3:37
PP Defense
1 - 53% - 60% - 4:16
2 - 47% - 40% - 3:44
PK Forward
1 - 72% - 60% - 5:45
2 - 28% - 40% - 2:16
PK Defense
1 - 64% - 60% - 5:08
2 - 36% - 40% - 2:53
PK3 Forward
1 - 0% - 60%
2 - 0% - 40%
PK3 Defense
1 - 0% - 60%
2 - 0% - 40%
44 Forward
1 - 100% - 60% - 1:55
2 - 0% - 40% - 0:00
44 Defense
1 - 75% - 60% - 1:26
2 - 25% - 40% - 0:29
Last Minute Offensive - 0:00
Last Minute Defensive - 1:10
Total
Forward - 60:00
Defense - 60:00
|
Play by Play
1st period
0:01 of 1st period - Dana Tyrell wins face-off versus Tyler Bozak in neutral zone.
0:30 of 1st period - Raphael Diaz is hit by Kyle Cumiskey and loses puck.
1:38 of 1st period - Snap shot by Marcus Johansson.
1:38 of 1st period - Shot Blocked by Riley Sheahan.
2:12 of 1st period - Snap shot by Tyler Bozak.
2:12 of 1st period - Shot Misses the Net.
2:18 of 1st period - Snap shot by Tyler Randell.
2:18 of 1st period - Stopped by Eddie Lack without a rebound.
2:19 of 1st period - Craig Smith wins face-off versus Dana Tyrell in Diables zone.
2:28 of 1st period - Slapshot by Lukas Krajicek.
2:28 of 1st period - Stopped by Ben Scrivens with a rebound.
2:40 of 1st period - Snap shot by Sean Avery.
2:40 of 1st period - Stopped by Eddie Lack without a rebound.
2:41 of 1st period - Tyler Bozak wins face-off versus Brian Flynn in Diables zone.
2:54 of 1st period - Wrist shot by Kellan Lain.
2:54 of 1st period - Shot Misses the Net.
3:29 of 1st period - Andrej Nestrasil is hit by Ben Hanowski and loses puck.
3:48 of 1st period - Steve Quailer is hit by Scott Harrington and loses puck.
3:57 of 1st period - Wrist shot by Tom Kuhnhackl.
3:57 of 1st period - Shot Misses the Net.
3:59 of 1st period - Snap shot by Danny DeKeiser.
3:59 of 1st period - Deflect By Tyler Bozak.
3:59 of 1st period - Stopped by Eddie Lack with a rebound.
5:17 of 1st period - Snap shot by Justin Faulk.
5:17 of 1st period - Stopped by Eddie Lack without a rebound.
5:18 of 1st period - Riley Sheahan wins face-off versus T.J. Tynan in Diables zone.
5:33 of 1st period - Snap shot by Raphael Diaz.
5:33 of 1st period - Shot Blocked by Kyle Cumiskey.
5:56 of 1st period - Snap shot by Riley Sheahan.
5:56 of 1st period - Shot Misses the Net.
6:00 of 1st period - Snap shot by Alexandre Burrows.
6:00 of 1st period - Stopped by Ben Scrivens with a rebound.
6:02 of 1st period - Wrist shot by Tomas Kubalik.
6:02 of 1st period - Shot Misses the Net.
6:04 of 1st period - Snap shot by Tomas Kubalik.
6:04 of 1st period - Deflect By Riley Sheahan.
6:04 of 1st period - Shot Misses the Net.
6:04 of 1st period - Puck is out of play.
6:05 of 1st period - Dana Tyrell wins face-off versus Tyler Bozak in Little Stars zone.
6:05 of 1st period - Dana Tyrell is hit by Steve Quailer.
6:08 of 1st period - Minor Penalty to Marcus Johansson for Interference.
6:09 of 1st period - Sean Avery wins face-off versus Tyler Bozak in Little Stars zone.
6:19 of 1st period - Snap shot by Alex Chiasson.
6:19 of 1st period - Shot Blocked by Lukas Krajicek.
7:13 of 1st period - Danny DeKeiser is hit by Tyler Bozak and loses puck.
7:43 of 1st period - Steve Quailer is hit by Hugh Jessiman and loses puck.
8:08 of 1st period - Penalty to Marcus Johansson is over, Marcus Johansson is back on ice.
9:53 of 1st period - Wrist shot by Robert Klinkhammer.
9:53 of 1st period - Shot Blocked by Craig Smith.
9:55 of 1st period - Minor Penalty to Benn Ferriero for Interference.
9:56 of 1st period - Kellan Lain wins face-off versus Dana Tyrell in Diables zone.
10:21 of 1st period - Snap shot by Marcus Johansson.
10:21 of 1st period - Stopped by Eddie Lack with a rebound.
10:37 of 1st period - Wrist shot by Brandon Prust.
10:37 of 1st period - Stopped by Ben Scrivens with a rebound.
11:55 of 1st period - Penalty to Benn Ferriero is over, Benn Ferriero is back on ice.
12:11 of 1st period - Snap shot by Jesse Joensuu.
12:11 of 1st period - Shot Misses the Net.
12:13 of 1st period - Slapshot by Petter Granberg.
12:13 of 1st period - Stopped by Eddie Lack with a rebound.
12:15 of 1st period - Slapshot by Justin Faulk.
12:15 of 1st period - Stopped by Eddie Lack without a rebound.
12:16 of 1st period - Andrej Nestrasil wins face-off versus Riley Sheahan in Diables zone.
12:19 of 1st period - Slapshot by Raphael Diaz.
12:19 of 1st period - Shot Misses the Net.
12:26 of 1st period - Icing by Dustin Kohn.
12:27 of 1st period - Andrej Nestrasil wins face-off versus Riley Sheahan in Diables zone.
13:14 of 1st period - Backhand shot by Tyler Bozak.
13:14 of 1st period - Stopped by Ben Scrivens with a rebound.
13:16 of 1st period - Snap shot by Kellan Lain.
13:16 of 1st period - Deflect By Tyler Bozak.
13:16 of 1st period - Shot Misses the Net.
13:16 of 1st period - Puck is out of play.
13:17 of 1st period - Tyler Bozak wins face-off versus Brian Flynn in Little Stars zone.
14:19 of 1st period - Wrist shot by Robert Klinkhammer.
14:19 of 1st period - Stopped by Eddie Lack with a rebound.
14:41 of 1st period - Wrist shot by Boone Jenner.
14:41 of 1st period - Stopped by Ben Scrivens with a rebound.
14:56 of 1st period - Icing by Pavel Valentenko.
14:57 of 1st period - Dana Tyrell wins face-off versus Boone Jenner in Diables zone.
15:11 of 1st period - Minor Penalty to Boone Jenner for Roughing.
15:12 of 1st period - Tyler Bozak wins face-off versus Alex Chiasson in Diables zone.
15:12 of 1st period - Tyler Bozak is hit by Sean Avery.
15:37 of 1st period - Lukas Krajicek is hit by Marcus Johansson and loses puck.
15:46 of 1st period - Snap shot by Hugh Jessiman.
15:46 of 1st period - Shot Misses the Net.
16:04 of 1st period - Danny DeKeiser is hit by Brandon Prust and loses puck.
16:41 of 1st period - Marcus Johansson is hit by Brandon Prust and loses puck.
17:11 of 1st period - Penalty to Boone Jenner is over, Boone Jenner is back on ice.
17:28 of 1st period - Snap shot by Robert Klinkhammer.
17:28 of 1st period - Shot Misses the Net.
19:20 of 1st period - Snap shot by Steve Quailer.
19:20 of 1st period - Goal by Steve Quailer - Diables : 1 - Little Stars : 0.
19:21 of 1st period - Craig Smith wins face-off versus Dana Tyrell in neutral zone.
19:55 of 1st period - Dustin Kohn is hit by Niklas Hjalmarsson and loses puck.
Goals for this period are 1 for Diables vs 0 for Little Stars.
Shots for this period are 6 for Diables vs 8 for Little Stars.
2nd period
0:01 of 2nd period - Tyler Bozak wins face-off versus Dana Tyrell in neutral zone.
0:51 of 2nd period - Wrist shot by Hugh Jessiman.
0:51 of 2nd period - Stopped by Eddie Lack with a rebound.
0:53 of 2nd period - Slapshot by Niklas Hjalmarsson.
0:53 of 2nd period - Stopped by Eddie Lack with a rebound.
1:41 of 2nd period - Slapshot by Jared Spurgeon.
1:41 of 2nd period - Deflect By Tom Kuhnhackl.
1:41 of 2nd period - Shot Misses the Net.
1:41 of 2nd period - Puck is out of play.
1:42 of 2nd period - Tyler Bozak wins face-off versus Dana Tyrell in Diables zone.
1:47 of 2nd period - Snap shot by Tyler Bozak.
1:47 of 2nd period - Shot Blocked by Justin Faulk.
1:53 of 2nd period - Snap shot by Dana Tyrell.
1:53 of 2nd period - Shot Blocked by Kellan Lain.
1:55 of 2nd period - Snap shot by Alex Chiasson.
1:55 of 2nd period - Stopped by Eddie Lack with a rebound.
1:57 of 2nd period - Slapshot by Dana Tyrell.
1:57 of 2nd period - Shot Blocked by Tyler Bozak.
2:07 of 2nd period - Pavel Valentenko is hit by Sean Avery and loses puck.
2:32 of 2nd period - Icing by Andrej Nestrasil.
2:33 of 2nd period - Andrej Nestrasil wins face-off versus Kellan Lain in Little Stars zone.
2:48 of 2nd period - Backhand shot by Tyler Cuma.
2:48 of 2nd period - Goal by Tyler Cuma - Diables : 2 - Little Stars : 0.
2:49 of 2nd period - Dana Tyrell wins face-off versus Tyler Bozak in neutral zone.
2:52 of 2nd period - Wrist shot by Dana Tyrell.
2:52 of 2nd period - Shot Misses the Net.
2:54 of 2nd period - Slapshot by Niklas Hjalmarsson.
2:54 of 2nd period - Shot Misses the Net.
2:56 of 2nd period - Wrist shot by Dana Tyrell.
2:56 of 2nd period - Stopped by Eddie Lack without a rebound.
2:57 of 2nd period - Tyler Bozak wins face-off versus Dana Tyrell in Diables zone.
3:06 of 2nd period - Slapshot by Tyler Cuma.
3:06 of 2nd period - Shot Blocked by Marcus Johansson.
3:39 of 2nd period - Icing by Lukas Krajicek.
3:40 of 2nd period - Andrej Nestrasil wins face-off versus Craig Smith in Diables zone.
3:43 of 2nd period - Snap shot by Jesse Joensuu.
3:43 of 2nd period - Shot Blocked by Brandon Prust.
3:45 of 2nd period - Snap shot by Jared Spurgeon.
3:45 of 2nd period - Deflect By Marcus Johansson.
3:45 of 2nd period - Stopped by Eddie Lack with a rebound.
3:47 of 2nd period - Slapshot by Jared Spurgeon.
3:47 of 2nd period - Stopped by Eddie Lack without a rebound.
3:48 of 2nd period - Tyler Bozak wins face-off versus Dana Tyrell in Diables zone.
4:13 of 2nd period - Dustin Kohn is hit by Sean Avery.
4:21 of 2nd period - Snap shot by Alexandre Burrows.
4:21 of 2nd period - Stopped by Ben Scrivens without a rebound.
4:22 of 2nd period - Tyler Bozak wins face-off versus Sean Avery in Little Stars zone.
4:29 of 2nd period - Snap shot by Kellan Lain.
4:29 of 2nd period - Stopped by Ben Scrivens without a rebound.
4:30 of 2nd period - Brian Flynn wins face-off versus Tyler Bozak in Little Stars zone.
4:49 of 2nd period - Icing by Jared Spurgeon.
4:50 of 2nd period - Brian Flynn wins face-off versus Riley Sheahan in Little Stars zone.
5:17 of 2nd period - Tyler Cuma is hit by Dana Tyrell and loses puck.
5:22 of 2nd period - Snap shot by Alex Chiasson.
5:22 of 2nd period - Shot Misses the Net.
5:24 of 2nd period - Slapshot by Niklas Hjalmarsson.
5:24 of 2nd period - Stopped by Eddie Lack with a rebound.
5:26 of 2nd period - Snap shot by Alex Chiasson.
5:26 of 2nd period - Stopped by Eddie Lack with a rebound.
5:30 of 2nd period - Snap shot by Alex Chiasson.
5:30 of 2nd period - Shot Misses the Net.
6:03 of 2nd period - Slapshot by Raphael Diaz.
6:03 of 2nd period - Stopped by Eddie Lack without a rebound.
6:04 of 2nd period - Riley Sheahan wins face-off versus T.J. Tynan in Diables zone.
6:13 of 2nd period - Snap shot by Alexandre Burrows.
6:13 of 2nd period - Deflect By Riley Sheahan.
6:13 of 2nd period - Stopped by Ben Scrivens with a rebound.
6:31 of 2nd period - Wrist shot by Tyler Bozak.
6:31 of 2nd period - Stopped by Ben Scrivens without a rebound.
6:32 of 2nd period - Dana Tyrell wins face-off versus Tyler Bozak in Little Stars zone.
6:44 of 2nd period - Slapshot by Marcus Johansson.
6:44 of 2nd period - Shot Blocked by Brian Dumoulin.
6:46 of 2nd period - Wrist shot by Petter Granberg.
6:46 of 2nd period - Stopped by Eddie Lack with a rebound.
6:48 of 2nd period - Slapshot by Justin Faulk.
6:48 of 2nd period - Stopped by Eddie Lack without a rebound.
6:49 of 2nd period - Hugh Jessiman wins face-off versus Riley Sheahan in Diables zone.
6:58 of 2nd period - Snap shot by Brian Flynn.
6:58 of 2nd period - Shot Blocked by Riley Sheahan.
7:14 of 2nd period - Lukas Krajicek is hit by Alex Chiasson and loses puck.
7:21 of 2nd period - Snap shot by Steve Quailer.
7:21 of 2nd period - Shot Misses the Net.
7:23 of 2nd period - Snap shot by Tyler Cuma.
7:23 of 2nd period - Stopped by Ben Scrivens with a rebound.
7:37 of 2nd period - Slapshot by Tyler Cuma.
7:37 of 2nd period - Shot Misses the Net.
8:05 of 2nd period - Snap shot by Sean Avery.
8:05 of 2nd period - Goal by Sean Avery - Diables : 2 - Little Stars : 1.
8:06 of 2nd period - Dana Tyrell wins face-off versus Tyler Bozak in neutral zone.
8:09 of 2nd period - Snap shot by Alex Chiasson.
8:09 of 2nd period - Shot Misses the Net.
8:15 of 2nd period - Niklas Hjalmarsson is hit by Tyler Bozak and loses puck.
8:40 of 2nd period - Wrist shot by Craig Smith.
8:40 of 2nd period - Stopped by Ben Scrivens without a rebound.
8:41 of 2nd period - Riley Sheahan wins face-off versus Dana Tyrell in Little Stars zone.
8:48 of 2nd period - Alexandre Burrows is hit by Alex Chiasson and loses puck.
9:55 of 2nd period - Alexandre Burrows is hit by Niklas Hjalmarsson and loses puck.
10:16 of 2nd period - Slapshot by Marcus Johansson.
10:16 of 2nd period - Stopped by Eddie Lack without a rebound.
10:17 of 2nd period - Tyler Bozak wins face-off versus Dana Tyrell in Diables zone.
10:17 of 2nd period - Tyler Bozak is hit by Dana Tyrell.
10:25 of 2nd period - Slapshot by Kellan Lain.
10:25 of 2nd period - Stopped by Ben Scrivens with a rebound.
10:29 of 2nd period - Wrist shot by Tyler Bozak.
10:29 of 2nd period - Shot Misses the Net.
10:51 of 2nd period - Wrist shot by Kellan Lain.
10:51 of 2nd period - Goal by Kellan Lain - Diables : 3 - Little Stars : 1.
10:52 of 2nd period - Brian Flynn wins face-off versus Craig Smith in neutral zone.
10:57 of 2nd period - Hugh Jessiman is hit by Craig Smith and loses puck.
11:42 of 2nd period - Lukas Krajicek is hit by Andrej Nestrasil and loses puck.
11:49 of 2nd period - Wrist shot by Tomas Kubalik.
11:49 of 2nd period - Shot Misses the Net.
12:03 of 2nd period - Backhand shot by Dustin Kohn.
12:03 of 2nd period - Deflect By Boone Jenner.
12:03 of 2nd period - Shot Blocked by Jesse Joensuu.
12:03 of 2nd period - Puck is out of play.
12:04 of 2nd period - Dana Tyrell wins face-off versus Boone Jenner in Little Stars zone.
12:04 of 2nd period - Double Minor Penalty to Dana Tyrell for Slashing.
12:05 of 2nd period - Sean Avery wins face-off versus Tyler Bozak in Little Stars zone.
12:12 of 2nd period - Slapshot by Niklas Hjalmarsson.
12:12 of 2nd period - Shot Misses the Net.
15:48 of 2nd period - Lukas Krajicek is hit by Hugh Jessiman and loses puck.
16:04 of 2nd period - Penalty to Dana Tyrell is over, Dana Tyrell is back on ice.
16:52 of 2nd period - Slapshot by Marcus Johansson.
16:52 of 2nd period - Shot Blocked by Lukas Krajicek.
17:08 of 2nd period - Minor Penalty to Tomas Kubalik for Kneeing.
17:09 of 2nd period - Tyler Bozak wins face-off versus Dana Tyrell in Diables zone.
17:55 of 2nd period - Off-side.
17:56 of 2nd period - Dana Tyrell wins face-off versus Brandon Prust in neutral zone.
18:07 of 2nd period - Slapshot by Sean Avery.
18:07 of 2nd period - Shot Misses the Net.
19:08 of 2nd period - Penalty to Tomas Kubalik is over, Tomas Kubalik is back on ice.
19:21 of 2nd period - Snap shot by Taylor Beck.
19:21 of 2nd period - Stopped by Ben Scrivens with a rebound.
19:37 of 2nd period - T.J. Tynan is hit by Alexandre Burrows and loses puck.
19:42 of 2nd period - Slapshot by Alexandre Burrows.
19:42 of 2nd period - Shot Misses the Net.
Goals for this period are 2 for Diables vs 1 for Little Stars.
Shots for this period are 10 for Diables vs 13 for Little Stars.
3rd period
0:01 of 3rd period - Tyler Bozak wins face-off versus Dana Tyrell in neutral zone.
0:08 of 3rd period - Alex Chiasson is hit by Tyler Bozak and loses puck.
0:18 of 3rd period - Minor Penalty to Raphael Diaz for Interference.
0:19 of 3rd period - Sean Avery wins face-off versus Tyler Bozak in Little Stars zone.
1:35 of 3rd period - Kyle Cumiskey is hit by Danny DeKeiser and loses puck.
1:52 of 3rd period - Alex Chiasson is hit by Kellan Lain and loses puck.
2:18 of 3rd period - Penalty to Raphael Diaz is over, Raphael Diaz is back on ice.
2:18 of 3rd period - Hugh Jessiman is hit by Alexandre Burrows and loses puck.
2:35 of 3rd period - Wrist shot by Raphael Diaz.
2:35 of 3rd period - Shot Blocked by Brian Dumoulin.
2:37 of 3rd period - Slapshot by Petter Granberg.
2:37 of 3rd period - Stopped by Eddie Lack without a rebound.
2:38 of 3rd period - Boone Jenner wins face-off versus Andrej Nestrasil in Diables zone.
2:45 of 3rd period - Andrej Nestrasil is hit by Taylor Beck and loses puck.
3:19 of 3rd period - Slapshot by Sean Avery.
3:19 of 3rd period - Stopped by Eddie Lack with a rebound.
4:13 of 3rd period - Wrist shot by Robert Klinkhammer.
4:13 of 3rd period - Shot Misses the Net.
4:27 of 3rd period - Wrist shot by Tomas Kubalik.
4:27 of 3rd period - Shot Misses the Net.
4:41 of 3rd period - Kyle Cumiskey is hit by Jared Spurgeon and loses puck.
4:52 of 3rd period - Slapshot by Dustin Kohn.
4:52 of 3rd period - Deflect By Ben Hanowski.
4:52 of 3rd period - Shot Misses the Net.
4:52 of 3rd period - Puck is out of play.
4:53 of 3rd period - Boone Jenner wins face-off versus Tyler Randell in Little Stars zone.
4:54 of 3rd period - Slapshot by Tyler Cuma.
4:54 of 3rd period - Stopped by Ben Scrivens with a rebound.
4:56 of 3rd period - Snap shot by Ben Hanowski.
4:56 of 3rd period - Shot Misses the Net.
5:14 of 3rd period - Snap shot by Alexandre Burrows.
5:14 of 3rd period - Shot Blocked by Brian Flynn.
5:16 of 3rd period - Slapshot by Kyle Cumiskey.
5:16 of 3rd period - Stopped by Ben Scrivens with a rebound.
5:18 of 3rd period - Slapshot by Alexandre Burrows.
5:18 of 3rd period - Stopped by Ben Scrivens with a rebound.
5:20 of 3rd period - Slapshot by Kyle Cumiskey.
5:20 of 3rd period - Stopped by Ben Scrivens with a rebound.
5:22 of 3rd period - Snap shot by Riley Sheahan.
5:22 of 3rd period - Stopped by Ben Scrivens with a rebound.
5:24 of 3rd period - Slapshot by Tomas Kubalik.
5:24 of 3rd period - Stopped by Ben Scrivens with a rebound.
5:38 of 3rd period - Wrist shot by Marcus Johansson.
5:38 of 3rd period - Stopped by Eddie Lack without a rebound.
5:39 of 3rd period - Tyler Bozak wins face-off versus Dana Tyrell in Diables zone.
5:39 of 3rd period - Tyler Bozak is hit by Dana Tyrell.
5:51 of 3rd period - Snap shot by Kellan Lain.
5:51 of 3rd period - Stopped by Ben Scrivens without a rebound.
5:52 of 3rd period - Dana Tyrell wins face-off versus Tyler Bozak in Little Stars zone.
6:17 of 3rd period - Raphael Diaz is hit by Riley Sheahan and loses puck.
6:26 of 3rd period - Slapshot by Dustin Kohn.
6:26 of 3rd period - Deflect By Riley Sheahan.
6:26 of 3rd period - Shot Misses the Net.
6:26 of 3rd period - Puck is out of play.
6:27 of 3rd period - Dana Tyrell wins face-off versus Tomas Kubalik in Little Stars zone.
6:27 of 3rd period - Dana Tyrell is hit by Riley Sheahan.
7:22 of 3rd period - Snap shot by Robert Klinkhammer.
7:22 of 3rd period - Deflect By T.J. Tynan.
7:22 of 3rd period - Shot Blocked by Kyle Cumiskey.
7:22 of 3rd period - Puck is out of play.
7:23 of 3rd period - Dana Tyrell wins face-off versus Riley Sheahan in Diables zone.
7:57 of 3rd period - Snap shot by Tyler Bozak.
7:57 of 3rd period - Stopped by Ben Scrivens with a rebound.
8:11 of 3rd period - Andrej Nestrasil is hit by Boone Jenner and loses puck.
8:36 of 3rd period - Snap shot by Alex Chiasson.
8:36 of 3rd period - Shot Blocked by Alexandre Burrows.
8:38 of 3rd period - Slapshot by Marcus Johansson.
8:38 of 3rd period - Shot Misses the Net.
9:07 of 3rd period - Craig Smith is hit by Brian Flynn and loses puck.
9:33 of 3rd period - Wrist shot by Craig Smith.
9:33 of 3rd period - Stopped by Ben Scrivens with a rebound.
9:41 of 3rd period - Wrist shot by Brandon Prust.
9:41 of 3rd period - Stopped by Ben Scrivens without a rebound.
9:42 of 3rd period - Dana Tyrell wins face-off versus Tyler Bozak in Little Stars zone.
9:51 of 3rd period - Wrist shot by Tyler Bozak.
9:51 of 3rd period - Shot Misses the Net.
9:53 of 3rd period - Snap shot by Steve Quailer.
9:53 of 3rd period - Stopped by Ben Scrivens without a rebound.
9:54 of 3rd period - Steve Quailer wins face-off versus Dana Tyrell in Little Stars zone.
9:57 of 3rd period - Slapshot by Tyler Bozak.
9:57 of 3rd period - Stopped by Ben Scrivens without a rebound.
9:58 of 3rd period - Dana Tyrell wins face-off versus Tyler Bozak in Little Stars zone.
9:58 of 3rd period - Dana Tyrell is hit by Steve Quailer.
10:28 of 3rd period - Snap shot by Alexandre Burrows.
10:28 of 3rd period - Stopped by Ben Scrivens with a rebound.
10:30 of 3rd period - Wrist shot by Riley Sheahan.
10:30 of 3rd period - Deflect By Alexandre Burrows.
10:30 of 3rd period - Stopped by Ben Scrivens without a rebound.
10:31 of 3rd period - Sean Avery wins face-off versus Riley Sheahan in Little Stars zone.
10:31 of 3rd period - Sean Avery is hit by Alexandre Burrows.
10:34 of 3rd period - Minor Penalty to Sean Avery for Hooking.
10:35 of 3rd period - Tyler Bozak wins face-off versus Michael Mersch in Little Stars zone.
10:38 of 3rd period - Minor Penalty to Lukas Krajicek for Hooking.
10:39 of 3rd period - Tyler Bozak wins face-off versus Alexander Vasyunov in Diables zone.
10:49 of 3rd period - Wrist shot by Tyler Bozak.
10:49 of 3rd period - Goal by Tyler Bozak - Diables : 4 - Little Stars : 1.
10:50 of 3rd period - Alexander Vasyunov wins face-off versus Tyler Bozak in neutral zone.
11:01 of 3rd period - Alex Chiasson is hit by Kellan Lain and loses puck.
11:16 of 3rd period - Tyler Bozak is hit by Niklas Hjalmarsson and loses puck.
11:20 of 3rd period - Icing by Brian Dumoulin.
11:21 of 3rd period - Alex Chiasson wins face-off versus Tyler Bozak in Diables zone.
11:48 of 3rd period - Kyle Cumiskey is hit by Jared Spurgeon and loses puck.
12:01 of 3rd period - Marcus Johansson is hit by Dustin Kohn and loses puck.
12:34 of 3rd period - Penalty to Sean Avery is over, Sean Avery is back on ice.
12:38 of 3rd period - Penalty to Lukas Krajicek is over, Lukas Krajicek is back on ice.
12:48 of 3rd period - Slapshot by Raphael Diaz.
12:48 of 3rd period - Goal by Raphael Diaz - Diables : 4 - Little Stars : 2.
12:49 of 3rd period - Brian Flynn wins face-off versus Tyler Bozak in neutral zone.
13:03 of 3rd period - Snap shot by Hugh Jessiman.
13:03 of 3rd period - Shot Blocked by Kellan Lain.
13:03 of 3rd period - Kellan Lain from Diables is injured at 13:03 of 3rd period (Bruised Right Shoulder).
13:04 of 3rd period - Dana Tyrell wins face-off versus Tyler Bozak in Diables zone.
13:07 of 3rd period - Snap shot by Marcus Johansson.
13:07 of 3rd period - Deflect By Dana Tyrell.
13:07 of 3rd period - Shot Blocked by Tyler Bozak.
13:07 of 3rd period - Puck is out of play.
13:08 of 3rd period - Dana Tyrell wins face-off versus Tyler Bozak in Diables zone.
13:33 of 3rd period - Snap shot by Brian Flynn.
13:33 of 3rd period - Stopped by Eddie Lack with a rebound.
13:37 of 3rd period - Wrist shot by Sean Avery.
13:37 of 3rd period - Shot Misses the Net.
13:39 of 3rd period - Slapshot by Sean Avery.
13:39 of 3rd period - Shot Misses the Net.
14:21 of 3rd period - Slapshot by Danny DeKeiser.
14:21 of 3rd period - Deflect By T.J. Tynan.
14:21 of 3rd period - Shot Misses the Net.
14:21 of 3rd period - Puck is out of play.
14:22 of 3rd period - Dana Tyrell wins face-off versus Tyler Bozak in Diables zone.
14:23 of 3rd period - Wrist shot by Marcus Johansson.
14:23 of 3rd period - Goal by Marcus Johansson - Diables : 4 - Little Stars : 3.
14:24 of 3rd period - Dana Tyrell wins face-off versus Tyler Bozak in neutral zone.
14:29 of 3rd period - Snap shot by Marcus Johansson.
14:29 of 3rd period - Shot Misses the Net.
14:31 of 3rd period - Wrist shot by Marcus Johansson.
14:31 of 3rd period - Shot Misses the Net.
14:33 of 3rd period - Slapshot by Raphael Diaz.
14:33 of 3rd period - Shot Misses the Net.
14:35 of 3rd period - Wrist shot by Alex Chiasson.
14:35 of 3rd period - Goal by Alex Chiasson - Diables : 4 - Little Stars : 4.
14:36 of 3rd period - Tyler Bozak wins face-off versus Alex Chiasson in neutral zone.
14:47 of 3rd period - Snap shot by Marcus Johansson.
14:47 of 3rd period - Goal by Marcus Johansson - Diables : 4 - Little Stars : 5.
14:48 of 3rd period - Tyler Bozak wins face-off versus Dana Tyrell in neutral zone.
14:50 of 3rd period - Minor Penalty to Lukas Krajicek for Hooking.
14:51 of 3rd period - Tyler Bozak wins face-off versus Dana Tyrell in Diables zone.
15:30 of 3rd period - Alexandre Burrows is hit by Brian Flynn and loses puck.
16:50 of 3rd period - Penalty to Lukas Krajicek is over, Lukas Krajicek is back on ice.
17:47 of 3rd period - Snap shot by Jared Spurgeon.
17:47 of 3rd period - Stopped by Eddie Lack with a rebound.
17:49 of 3rd period - Slapshot by Alexander Vasyunov.
17:49 of 3rd period - Shot Hit the Post.
18:26 of 3rd period - Robert Klinkhammer is hit by Ben Hanowski and loses puck.
19:00 of 3rd period - Diables, Eddie Lack is pulled from the net.
19:28 of 3rd period - Sean Avery is hit by Craig Smith and loses puck.
19:33 of 3rd period - Wrist shot by Tyler Bozak.
19:33 of 3rd period - Deflect By Steve Quailer.
19:33 of 3rd period - Shot Blocked by Sean Avery.
19:33 of 3rd period - Puck is out of play.
19:34 of 3rd period - Benoit Groulx call a timeout for Diables.
19:34 of 3rd period - Tyler Bozak wins face-off versus Dana Tyrell in Little Stars zone.
19:35 of 3rd period - Snap shot by Craig Smith.
19:35 of 3rd period - Deflect By Raphael Diaz.
19:35 of 3rd period - Stopped by Ben Scrivens without a rebound.
19:36 of 3rd period - Tyler Bozak wins face-off versus Dana Tyrell in Little Stars zone.
19:39 of 3rd period - Wrist shot by Steve Quailer.
19:39 of 3rd period - Shot Blocked by Dana Tyrell.
19:41 of 3rd period - Wrist shot by Tyler Cuma.
19:41 of 3rd period - Shot Blocked by Sean Avery.
19:49 of 3rd period - Wrist shot by Steve Quailer.
19:49 of 3rd period - Stopped by Ben Scrivens without a rebound.
19:50 of 3rd period - Craig Smith wins face-off versus Dana Tyrell in Little Stars zone.
Goals for this period are 1 for Diables vs 4 for Little Stars.
Shots for this period are 17 for Diables vs 9 for Little Stars.
Back to the Top